AoeStats
← AndreTheGiant34

Arena

510467927Analyzed
2v2 RM · 11h ago on Oct 1, 2026· 48m 54s· 4 players
Game mode
Random Map
Map size
Medium (4 player)
Population
200
Speed
Normal
Resources
Standard
Victory
Conquest
Starting age
Dark Age
Ending age
Imperial Age
RankedLock teamsTeams togetherTeam positionsShared explorationLock speedFull tech treeHidden civsTurbo modeCheats
Victory
Defeat
🇦🇷 Khmer · Argentina
793
+14
🇦🇷 Chinese · Argentina
648
+20
🇺🇸 Romans · United States
731
-17
🇺🇸 Bohemians · United States
731
-17
Birrën
0:42 Loom
11:14 Feudal Age
14:30 Horse Collar
14:41 Double-Bit Axe
21:10 Castle Age
22:58 Heavy Plow
23:49 Stone Mining
23:55 Pikeman
26:59 Padded Archer Armor
26:53 Fletching
34:12 Imperial Age
32:24 Bow Saw
34:01 Leather Archer Armor
33:41 Bodkin Arrow
33:46 Gold Mining
34:13 Forging
34:05 Scale Mail Armor
36:36 Halberdier
38:55 Caravan
42:01 Two-Man Saw
41:05 Town Watch
43:19 Squires
43:07 Arson
42:46 Elite Fire Lancer
47:09 Chain Mail Armor
forrajeria.kevin
12:20 Feudal Age
13:42 Double-Bit Axe
13:41 Horse Collar
19:34 Castle Age
19:57 Stone Mining
22:23 Gold Mining
25:05 Wheelbarrow
29:03 Fletching
29:14 Padded Archer Armor
30:21 Gold Shaft Mining
30:21 Bodkin Arrow
30:41 Leather Archer Armor
31:00 Fortified Wall
30:59 Murder Holes
32:15 Forging
32:05 Scale Mail Armor
32:11 Scale Barding Armor
32:23 Heavy Plow
32:54 Bow Saw
33:45 Caravan
34:24 Hand Cart
38:16 Imperial Age
38:24 Iron Casting
38:05 Chain Mail Armor
38:11 Chain Barding Armor
39:30 Elite Ballista Elephant
40:31 Conscription
42:19 Chemistry
41:40 Ballistics
41:27 Double Crossbow
42:37 Ring Archer Armor
42:08 Bracer
43:09 Blast Furnace
47:00 Plate Barding Armor
46:39 Capped Ram
AndreTheGiant34
4:11 Loom
11:42 Feudal Age
12:33 Double-Bit Axe
12:37 Horse Collar
16:21 Castle Age
15:18 Stone Mining
17:31 Bow Saw
17:09 Loom
18:48 Gold Mining
19:17 Heavy Plow
21:21 Gold Shaft Mining
23:14 Ballistics
23:50 Wheelbarrow
26:55 Forging
27:51 Scale Mail Armor
27:40 Man-at-Arms
28:54 Ballistas
29:33 Hand Cart
31:42 Long Swordsman
bt.wall.20
11:09 Feudal Age
10:29 Loom
16:37 Castle Age
14:45 Double-Bit Axe
15:13 Horse Collar
18:41 Fervor
18:49 Bow Saw
18:40 Heavy Plow
26:48 Imperial Age
27:52 Chemistry
27:59 Conscription
28:20 Wheelbarrow
29:26 Scale Mail Armor
29:26 Padded Archer Armor
29:42 Forging
30:34 Hand Cart
30:04 Town Watch
30:31 Husbandry
32:02 Wagenburg Tactics
32:37 Leather Archer Armor
33:00 Iron Casting
32:33 Elite Skirmisher
33:31 Leather Archer Armor
33:07 Fletching
34:45 Two-Man Saw
33:57 Town Patrol
34:44 Siege Engineers
34:51 Masonry
35:04 Ballistics
34:57 Masonry
34:56 Light Cavalry
35:46 Elite Hussite Wagon
36:38 Bodkin Arrow
37:13 Ring Archer Armor
39:03 Blast Furnace
38:46 Bracer
39:35 Scale Mail Armor
39:47 Houfnice
40:43 Scale Barding Armor
41:45 Squires
41:06 Pikeman
43:04 Heavy Scorpion
45:48 Architecture
46:36 Chain Mail Armor
46:42 Chain Barding Armor
Connection lost

Rejoining the realm…

Still unreachable

The connection could not be restored.

Session expired

The server has moved on; the page needs a fresh start.